 Dungeon Crawl Stone Soup version 0.29-a0-819-g94b489e0ae (webtiles) character file.

Game seed: 266297009191495655

6 zeratav the Stinger (level 1, -3/11 HPs)
             Began as an Octopode Venom Mage on July 6, 2022.
             Slain by a goblin
             ... wielding a +4 dagger of venom
              (6 damage)
             ... on level 1 of the Dungeon.
             The game lasted 00:00:17 (96 turns).

zeratav the Stinger (Octopode Venom Mage)             Turns: 96, Time: 00:00:18

Health: -3/11      AC:  1    Str:  7    XL:     1   Next: 90%
Magic:  3/3        EV: 13    Int: 17    God:
Gold:   23         SH:  0    Dex: 12    Spells: 3/4 levels left

rFire   . . .      SeeInvis .   e - +0 short sword {short}
rCold   . . .      Faith    .   (no shield)
rNeg    . . .      Spirit   .   (helmet restricted)
rPois   .          Reflect  .   (no amulet)
rElec   .          Harm     .   (no ring)
rCorr   .          Rampage  .   (no ring)
Will    .....                   (no ring)
Stlth   +++.......              (no ring)
HPRegen 0.03/turn               (no ring)
MPRegen 0.08/turn               (no ring)
                                (no ring)
                                (no ring)

@: lethally poisoned (-3 -> -12)
A: almost no armour, amphibious, 8 rings, camouflage 1, gelatinous body 1,
(nimble swimmer 1), tentacles
a: no special abilities


You were on level 1 of the Dungeon.
You visited 1 branch of the dungeon, and saw 1 of its levels.

You collected 23 gold pieces.


Innate Abilities, Weirdness & Mutations

You cannot wear most types of armour.
You are amphibious.
You can wear up to eight rings at the same time.
Your skin changes colour to match your surroundings (Stealth+).
Your rubbery body absorbs attacks. (AC +1, EV +1)
((You are camouflaged when in or above water. (Stealth+)))
You have tentacles for arms and can constrict up to eight enemies at once.


   Skills:
 - Level 2.0 Dodging
 + Level 3.2 Stealth
 - Level 2.0 Spellcasting
 - Level 1.0 Transmutations
 + Level 3.9 Poison Magic


You had 3 spell levels left.
You knew the following spells:

 Your Spells              Type           Power      Damage    Failure   Level
a - Sting                 Tmut/Pois      40%        1d5       7%          1

Your spell library contained the following spells:

 Spells                   Type           Power      Damage    Failure   Level
 Poisonous Vapours        Pois/Air       16%        N/A       13%         2
 Mephitic Cloud           Conj/Pois/Air  6%         N/A       34%         3
 Olgreb's Toxic Radiance  Pois           15%        N/A       36%         4

Inventory:

Hand Weapons
 e - a +0 short sword (weapon) {short}
   (You took it off a kobold on level 1 of the Dungeon)
Scrolls
 b - a scroll of blinking {unknown}
Potions
 a - a potion of magic
 c - a potion of might {unknown}
 d - a potion of degeneration {unknown}

Dungeon Overview and Level Annotations

Branches:
Dungeon (1/15) Zot: 5903

Altars:

...........†.......♣
#.....#....####......
##...###..### ......
.##... #..)..#..$
.....
......##.)........
...
.....#...#.##..... ..
...#.......# ...... .
..........#.....#?#
#....g@...........
..........#####.#.
........### ..
........# .........
.....$..# ......###
......


You could see a goblin.


Message History

🤖 Initializing magus.rc ...
Bad channel name for runrest: 'pray:' ✅ Successfully initialized magus.rc [v1.9.6] Welcome, zeratav the Octopode Venom Mage.
A smirking vizier told you that the Orb of Zot is just within this dungeon.
Press ? for a list of commands and other information.
Found a scroll labelled VAQEL PAUMONT and 11 gold pieces.
Found a staircase leading out of the dungeon.
b - a scroll labelled VAQEL PAUMONT You now have 11 gold pieces.
You now have 23 gold pieces (gained 12).
c - a clear potion A goblin comes into view.
It is wielding a +0 dagger.
A goblin is nearby!
The goblin shouts!
A goblin comes into view. It is wielding a +0 club.
The sting hits the goblin.
The goblin is poisoned.
You kill the goblin!
The goblin shouts!
You hear a shout! x2
A kobold comes into view. It is wielding a +0 short sword.
A hobgoblin comes into view.
You hear a shout!
MP[-1]
You lost 1 mp, and now have 2/3 mp.
The sting hits the goblin.
The goblin is poisoned.
MP[-1]
You lost 1 mp, and now have 1/3 mp.
The sting hits the goblin.
The goblin looks even sicker.
You kill the goblin!
MP[-1]
You lost 1 mp, and now have 0/3 mp.
You are out of magic!
You are out of magic!
You are out of magic!
You see here a brown potion.
d - a brown potion The hobgoblin attacks as you move away!
The hobgoblin closely misses you. The hobgoblin attacks as you move away!
The hobgoblin misses you.
You completely miss the hobgoblin. Your grab misses the hobgoblin.
You squeeze the hobgoblin.
You kill the hobgoblin!
Your Stealth skill increases to level 3!
The kobold misses you.
You see here a hobgoblin corpse.
You barely miss the kobold. You grab the kobold. You squeeze the kobold.
You kill the kobold!
MP[+1]
e - a +0 short sword {short}
e - a +0 short sword (weapon)
{short} You can't see any susceptible monsters within range! (Use Z to cast anyway.)
A goblin comes into view. It is wielding a +0 dagger.
MP[+2]
Your mp is fully restored (3).
A goblin is nearby!
A goblin is nearby!
A goblin is nearby!
A goblin is nearby!
You see here a +0 dagger {short}.
Things that are here:
a +0 club {mace}; a goblin corpse A hobgoblin comes into view.
The hobgoblin shouts!
A goblin comes into view. It is wielding a +4 dagger of venom.
You hit the hobgoblin.
You kill the hobgoblin!
The goblin hits you with a +4 dagger of venom.
You are lethally poisoned!
You hit the goblin. Your grab misses the goblin.
Your squeeze misses the goblin.
* * * LOW HITPOINT WARNING * * *
You feel very sick.
The goblin hits you with a +4 dagger of venom.
Ouch! That really hurt!
You die...

Skill      XL: |  1 |
---------------+----+-----
Stealth        | 3 |  3.2
Dodging        | |  2.0
Spellcasting   | |  2.0
Transmutations | |  1.0
Poison Magic   | |  3.9

Action                   || total
-------------------------++-------
Melee: Short sword       ||     2
       Unarmed           ||     2
       Tentacles         ||     2
       Constrict         ||     1
 Cast: Sting             ||     3
Dodge: Dodged            ||     3

Levels and vault maps discovered:
D:1:      scummos_arrival_checkerplants, layout_rooms

Notes
Turn   | Place    | Note
-------+----------+-------------------------------------------
     0 | D:1      | zeratav the Octopode Venom Mage began the quest for the
                  | Orb.
     0 | D:1      | Reached XP level 1. HP: 11/11 MP: 3/3
     0 | D:1      | magus.rc [v1.9.6]
    57 | D:1      | Reached skill level 3 in Stealth
    96 | D:1      | Slain by a goblin

Vanquished Creatures
  2 goblins (D:1)
  2 hobgoblins (D:1)
  A kobold (D:1)
5 creatures vanquished.

Table legend:
 A = Non-vault XP
 B = Vault XP
 C = Vault XP percentage of total XP
 D = Non-vault monster count
 E = Vault monster count
 F = Vault count percentage of total count
                 A         B        C        D         E       F
            +---------+---------+-------+---------+---------+-------
      Total |       9 |       0 |   0.0 |       5 |       0 |   0.0
            +---------+---------+-------+---------+---------+-------
        D:1 |       9 |       0 |   0.0 |       5 |       0 |   0.0
            +---------+---------+-------+---------+---------+-------

Illustrated notes

Table legend:
 A = Kills in this place as a percentage of kills in entire the game.
 B = Kills by you in this place as a percentage of kills by you in the entire game.
 C = Kills by friends in this place as a percentage of kills by friends in the entire game.
 D = Other kills in this place as a percentage of other kills in the entire game.
 E = Experience gained in this place as a percentage of experience gained in the entire game.
 F = Experience gained in this place divided by the number of levels of this place that you have seen.
                   A       B       C       D       E      F
               +-------+-------+-------+-------+-------+----------------------
         Total | 100.0 | 100.0 |   N/A |   N/A | 100.0 |   9.0
       Dungeon | 100.0 | 100.0 |   N/A |   N/A | 100.0 |   9.0
               +-------+-------+-------+-------+-------+----------------------

Table legend: (Time is in decaauts)
 A = Elapsed time spent in this place.
 B = Non-inter-level travel time spent in this place.
 C = Inter-level travel time spent in this place.
 D = Time resting spent in this place.
 E = Time spent auto-exploring this place.
 F = Levels seen in this place.
 G = Mean time per level.
                   A        B        C        D        E       F      G
               +--------+--------+--------+--------+--------+-----+--------+
         Total |     95 |     95 |      0 |      0 |     62 |   1 |   95.0 |
       Dungeon |     95 |     95 |      0 |      0 |     62 |   1 |   95.0 |
               +--------+--------+--------+--------+--------+-----+--------+

Top non-repeatable levels by time:
     D:1: 95 daAuts
